 Dungeon Crawl Stone Soup version 0.30-a0-802-gb92711bcdf (webtiles) character file.

Game seed: 13316476062939288218

119313 Alatreon the Bludgeoner (level 16, -6/156 HPs)
             Began as a Gargoyle Fighter on Feb 8, 2023.
             Was a Believer of Yredelemnul.
             Mangled by a ghost moth (15 damage)
             ... on level 4 of the Spider Nest on Feb 25, 2023.
             The game lasted 00:54:33 (23472 turns).

Alatreon the Bludgeoner (Gargoyle Fighter)         Turns: 23472, Time: 00:54:34

Health: -6/156     AC: 28    Str: 25      XL:     16   Next: 79%
Magic:  0/26       EV:  2    Int:  9 (10) God:    Yredelemnul [**....]
Gold:   2066       SH:  7    Dex: 15      Spells: 15/19 levels left

rFire   . . .      SeeInvis .    C - +2 demon whip (freeze)
rCold   . . .      Faith    .    c - +0 buckler
rNeg    + . .      Spirit   .    (body armour currently unavailable)
rPois   ∞          Reflect  .    (helmet currently unavailable)
rElec   .          Harm     .    (cloak currently unavailable)
rCorr   +          Rampage  .    (gloves currently unavailable)
Will    +....      NoTele   +    (boots currently unavailable)
Stlth   +                        l - amulet of regeneration
HPRegen 1.26/turn                r - +6 ring of strength
MPRegen 0.20/turn                u - ring of resist corrosion

@: tree-form, unable to drink
A: stationary, stasis, torment immunity, boosted hp, sickness immunity, AC +12,
(big wings), negative energy resistance 1, (electricity resistance), torment
resistance 1, petrification resistance, (deformed body), dopey 1, inability to
drink after injury 1
a: Renounce Religion, Recall Undead Harvest, Dark Bargain


You were on level 4 of the Spider Nest.
You worshipped Yredelemnul.
Yredelemnul was pleased with you.
You were a tree.
You visited 4 branches of the dungeon, and saw 26 of its levels.
You also visited: Sewer, Ossuary and Volcano.

You collected 2126 gold pieces.
You spent 60 gold pieces at shops.

Inventory:

Hand Weapons
 C - a +2 demon whip of freezing (weapon)
Armour
 a - the +6 plate armour of Darkness (melded) {Slay+3}
   (You found it on level 5 of the Lair of Beasts)

   Slay:      It affects your accuracy & damage with ranged weapons and melee
   (+3).
 b - a +2 cloak (melded)
 c - a +0 buckler (worn)
 h - a +0 helmet (melded)
 i - a +1 pair of boots (melded)
 y - a +0 pair of gloves (melded)
Jewellery
 l - an amulet of regeneration (around neck)
 r - a +6 ring of strength (left branch)
 u - a ring of resist corrosion (right branch)
 v - a +6 ring of intelligence
 G - an amulet of the acrobat
 H - an amulet of guardian spirit
 J - a ring of positive energy
 K - a +5 ring of evasion
 R - a +4 ring of protection
 S - a ring of protection from cold
 W - a ring of protection from cold
Wands
 q - a wand of paralysis (6)
 s - a wand of digging (6)
 t - a wand of flame (20)
 w - a wand of mindburst (34)
 z - a wand of roots (13)
 N - a wand of polymorph (3)
 Q - a wand of acid (9)
Scrolls
 e - 6 scrolls of poison
 g - 5 scrolls of blinking
 j - 8 scrolls of immolation
 k - 6 scrolls of enchant armour
 m - 5 scrolls of teleportation
 o - 3 scrolls of magic mapping
 p - 4 scrolls of amnesia
 x - 3 scrolls of fog
 D - 5 scrolls of noise
 O - 11 scrolls of identify
 V - a scroll of fear
Potions
 d - 3 potions of lignification
 f - a potion of ambrosia
 n - 7 potions of magic
 A - 6 potions of flight
 B - 2 potions of resistance
 E - 6 potions of brilliance
 F - 3 potions of cancellation
 I - 2 potions of might
 L - a potion of haste
 M - a potion of curing
 P - 9 potions of heal wounds
 T - a potion of berserk rage
 U - 2 potions of invisibility


   Skills:
 + Level 13.3 Fighting
 - Level 16.5 Maces & Flails
 - Level 11.1 Armour
 + Level 2.1 Dodging
 - Level 10.1 Shields
 + Level 2.4 Spellcasting
 * Level 10.7 Necromancy
 + Level 13.8 Invocations


You had 15 spell levels left.
You knew the following spells:

 Your Spells              Type           Power      Damage    Failure   Level
a - Necrotise             Necr           80%        1d8       1%          1
b - Vampiric Draining     Necr           20%        2d7       1%          3

Your spell library contained the following spells:

 Spells                   Type           Power      Damage    Failure   Level
 Agony                    Necr           20%        N/A       13%         5
 Freeze                   Ice            4%         1d3       36%         1
 Shock                    Conj/Air       4%         1d3       36%         1
 Slow                     Hex            4%         N/A       36%         1
 Sting                    Tmut/Pois      4%         1d3       36%         1
 Summon Small Mammal      Summ           4%         N/A       36%         1
 Anguish                  Hex/Necr       5%         N/A       38%         4
 Ensorcelled Hibernation  Hex/Ice        2%         N/A       50%         2
 Passwall                 Tmut/Erth      0%         N/A       50%         2
 Poisonous Vapours        Pois/Air       2%         N/A       50%         2
 Confusing Touch          Hex            1%         N/A       75%         3
 Dazzling Flash           Conj/Hex       2%         N/A       75%         3
 Frozen Ramparts          Ice            2%         1d1       75%         3
 Hailstorm                Conj/Ice       1%         3d3       75%         3
 Kindle Blastsparks       Fire/Tloc/Air  2%         2d10      75%         3
 Ozocubu's Armour         Ice            1%         N/A       75%         3
 Spider Form              Tmut/Pois      1%         N/A       75%         3
 Swiftness                Air            1%         N/A       75%         3
 Airstrike                Air            0%         2d(1-17)  98%         4
 Fulminant Prism          Conj/Hex       0%         3d5       98%         4
 Iskenderun's Mystic Bla  Conj/Tloc      1%         2d3       98%         4
 Olgreb's Toxic Radiance  Pois           1%         N/A       98%         4
 Alistair's Intoxication  Tmut/Pois      0%         N/A       100%        5
 Lee's Rapid Deconstruct  Erth           0%         3d4*      100%        5
 Metabolic Englaciation   Hex/Ice        0%         N/A       100%        5
 Silence                  Hex/Air        0%         N/A       100%        5
 Summon Forest            Summ/Tloc      0%         N/A       100%        5
 Summon Mana Viper        Hex/Summ       1%         N/A       100%        5
 Eringya's Noxious Bog    Tmut/Pois      0%         N/A       100%        6
 Starburst                Conj/Fire      0%         6d3       100%        6
 Summon Cactus Giant      Summ           0%         N/A       100%        6
 Simulacrum               Ice/Necr       Unusable   N/A       N/A         6

Dungeon Overview and Level Annotations

Branches:
Dungeon (15/15)            Temple (0/1) D:5            Lair (5/5) D:9
 Shoals (0/4) Lair:3       Spider (4/4) Lair:2        Slime (0/5) Lair:5
    Orc (2/2) D:10            Elf (0/3) Orc:2        Vaults (0/5) D:14
 Depths (0/4) D:15          Sewer (visited)         Ossuary (visited)
Volcano (visited)

Altars:
Cheibriados
Dithmenos
Elyvilon
Fedhas
Gozag
Hepliaklqana
Nemelex Xobeh
Okawaru
Qazlal
Sif Muna
Uskayaw
Yredelemnul
Jiyva

Shops:
D:7 [   D:10 (?   Orc:2 :

Annotations:
D:14 exclusion: orange crystal statue
D:15 3 runed translucent doors, Tunif's ghost, adept DEFE
Lair:4 exclusion: oklob plant
Lair:5 exclusion: obsidian statue
Orc:2 1 runed translucent door, Donald, Jorgrun


Innate Abilities, Weirdness & Mutations

You are a tree.
Your roots penetrate the ground, keeping you stationary.
You cannot be teleported.
You are immune to unholy pain and torment.
Your maximum health is greatly increased.
Your equipment is partially melded.
You are immune to sickness and miasma.
((Your stone body is resilient. (AC +12)))
You are immune to poison.
((Your large and strong wings let you fly.))
You resist negative energy. (rN+)
((You are resistant to electric shocks. (rElec)))
You are resistant to unholy torment.
You are immune to petrification.
((Armour fits poorly on your strangely shaped body.))
You are dopey. (Int -2)
You occasionally lose the ability to drink potions when taking damage.


Message History

You feel you are being watched by something.
Something hits you but does no damage.
Deactivating autopickup; reactivate with Ctrl-A.
You block something's attack. Something stings you.
* * * LOW HITPOINT WARNING * * *
You feel dopey.
Being near the torpor snail leaves you feeling lethargic.
The wolf spider hits your jumping spider zombie!
Your jumping spider zombie is destroyed!
The emperor scorpion stings you!!
You feel threatened and lose the ability to drink potions!
* * * LOW HITPOINT WARNING * * *
The emperor scorpion claws you but does no damage. x2
Your radroach zombie tears the web.
The radroach bites you but does no damage.
The radroach claws you but does no damage.
You hear a skittering sound.
You hear a faint skittering sound.
Unknown command.
You cannot drink potions in your current state!
Okay, then.
Unknown command.
Unknown command.
You thrash the emperor scorpion!! You freeze the emperor scorpion.
The emperor scorpion is lightly wounded.
You feel yourself speed up.
You hear a faint skittering sound.
The tarantella rages.
The tarantella touches you but does no damage.
The emperor scorpion stings you but does no damage.
The emperor scorpion claws you but does no damage.
The emperor scorpion claws you.
* * * LOW HITPOINT WARNING * * *
You feel you are being watched by something.
The wolf spider hits you but does no damage.
The wolf spider bites you but does no damage.
Your steelbarb worm zombie barely misses the wolf spider.
You feel you are being watched by something.
Something hits you!
You die...
Your body rises from the dead as a mindless zombie.

....^^ .......## ######
........^ .^^^~########
^.[......
.......^.^~^#####s.......
......#.....~^^^..##~....
...^$.^......^^.ss.......
..Z...#........ysBws.....
^....^........ZZ♣sys.....
######.~.......ss.ys.....
..^. ###^.~s^^##^syy.....
...# ###^..##{s##^.^...
..## #####^... ...... ..#
............ .##
............. .# ...)....
....^ #### .# ##.^#


You could see an emperor scorpion (berserk), a radroach (berserk), a spark wasp,
a torpor snail, a demonic crawler, 4 wolf spiders, a moth of wrath, a
culicivora, a jumping spider, 4 tarantellas, a redback (berserk), 3 meliai, a
friendly steelbarb worm zombie (slow) and a friendly radroach zombie (slow).

Vanquished Creatures
  A broodmother (Spider:4)
  Nessos (D:12)
  A spark wasp (Spider:2)
  A red draconian (Volcano)
  A dire elephant (Lair:5)
  Snorg (D:10)
  An entropy weaver (Spider:3)
  Josephine (D:11)
  A rakshasa (D:14)
  8 boulder beetles
  2 radroaches
  2 ogre magi
  4 centaur warriors
  Erica (Lair:1)
  A tengu warrior (D:15)
  13 two-headed ogres
  A death yak (Lair:5)
  Urug (D:12)
  A deep elf knight (D:14)
  Amaemon (Lair:1)
  2 pharaoh ants
  A salamander mystic (Volcano)
  A skyshark (Lair:5)
  An orb spider (Spider:1)
  3 steelbarb worms
  A wizard (D:15)
  2 orc knights
  A necromancer (D:15)
  3 manticores
  5 wolf spiders
  5 ugly things
  3 cyclopes (D:14)
  3 salamanders (Volcano)
  A centaur zombie (D:15)
  A moth of wrath (Spider:1)
  Joseph (D:8)
  3 demonic crawlers
  11 elephants
  4 black mambas
  A molten gargoyle (Volcano)
  9 cane toads
  5 centaur skeletons
  3 torpor snails
  A dire elephant skeleton (Lair:5)
  An unseen horror (D:13)
  An orange demon (Lair:1)
  11 komodo dragons
  An efreet (D:14)
  A rime drake (Lair:4)
  3 kobold demonologists
  A tengu conjurer (D:14)
  A merfolk (Lair:3)
  3 trolls
  14 tarantellas
  A polar bear (Lair:5)
  7 dream sheep
  A centaur simulacrum (D:15)
  11 jumping spiders
  3 slime creatures
  12 culicivoras
  A vampire (D:10)
  3 wyverns
  4 wraiths (D:11)
  A basilisk (Lair:4)
  18 yaks
  4 fire bats (Volcano)
  2 steam dragons
  6 vampire mosquitoes
  A death yak simulacrum (Lair:5)
  20 redbacks
  Edmund (D:7)
  2 wargs
  8 water moccasins
  An acid dragon (D:11)
  Duvessa (D:6)
  9 orc warriors
  3 black bears
  4 sky beasts
  An elephant zombie (Lair:5)
  2 ice beasts
  12 ogres
  7 centaurs
  40 wolves
  A phantom (D:5)
  A kobold brigand (D:13)
  An elf zombie (Ossuary)
  2 gnoll sergeants
  7 bullfrogs
  A necrophage (D:5)
  A scorpion (D:5)
  A cane toad simulacrum (Lair:5)
  Dowan (D:6)
  2 killer bees (D:9)
  2 elephant simulacra (Lair:5)
  4 electric eels
  5 howler monkeys
  9 lava snakes
  A hound (D:4)
  7 jellies
  6 orc priests
  2 gnoll boudas
  2 human zombies (Ossuary)
  4 iguanas
  10 orc wizards
  2 hound zombies (Ossuary)
  4 mummies (Ossuary)
  11 gnolls
  11 adders
  A river rat (D:3)
  A white imp (D:7)
  An ufetubus (D:5)
  2 adder zombies (Ossuary)
  7 worms
  2 dart slugs (D:1)
  28 orcs
  4 ball pythons
  6 endoplasms
  5 giant cockroaches
  5 goblins
  5 hobgoblins
  4 jackals
  15 kobolds
  3 quokkas
  6 bats
  2 frilled lizards (D:1)
  2 goblin zombies (Ossuary)
  A hobgoblin zombie (Ossuary)
  2 orc zombies (Ossuary)
  10 rats
  A spectral orc (D:4)
549 creatures vanquished.

Vanquished Creatures (collateral kills)
  2 emperor scorpions
  A ghost moth (Spider:3)
  A broodmother (Spider:4)
  A dire elephant (Lair:5)
  A radroach (Spider:3)
  A two-headed ogre (D:12)
  A centaur warrior (D:14)
  2 hydras
  A boulder beetle (Spider:3)
  A death yak (Lair:5)
  A skeletal warrior (D:14)
  A pharaoh ant (Spider:4)
  2 orb spiders
  2 slime creatures
  A wizard (D:15)
  2 deep elf zephyrmancers
  3 steelbarb worms
  3 ugly things (D:15)
  2 salamanders (Volcano)
  6 wolf spiders
  6 elephants
  A centaur skeleton (D:14)
  2 demonic crawlers
  A torpor snail (Spider:2)
  A gargoyle (D:12)
  A naga mage (D:15)
  3 cane toads
  A rime drake (Lair:1)
  2 komodo dragons
  A meliai (Spider:4)
  6 tarantellas
  7 dream sheep
  4 jumping spiders
  A vampire (D:13)
  7 culicivoras
  A shadow (D:12)
  10 yaks
  2 fire bats (Volcano)
  2 basilisks
  7 redbacks
  2 vampire mosquitoes
  An acid dragon (D:9)
  4 water moccasins
  2 black bears (D:9)
  25 wolves
  3 centaurs
  A bullfrog (D:9)
  A scorpion (D:5)
  An elephant simulacrum (Lair:5)
  A killer bee (D:9)
  2 electric eels
  A jelly (Lair:5)
  An orc wizard (D:9)
  A boggart skeleton (D:15)
  A gnoll (D:11)
  4 orcs
  A kobold (D:14)
153 creatures vanquished.

Vanquished Creatures (others)
  3 wolf spider zombies (Spider:4)
  A skyshark zombie (Lair:5)
  A dire elephant zombie (Lair:5)
  A spectral rakshasa (D:14)
  3 redback zombies
  A demonic crawler zombie (Spider:2)
  3 tarantella zombies
  2 culicivora zombies (Spider:4)
  4 jumping spider zombies
  A boulder beetle zombie (D:14)
  A meliai zombie (Spider:4)
  A spectral entropy weaver (Spider:4)
  2 black mamba zombies
  A slime creature zombie (D:15)
  3 fire bat zombies (Volcano)
  3 two-headed ogre zombies (D:15)
  A merfolk zombie (Lair:3)
  A cane toad zombie (Lair:5)
  A spectral efreet (D:14)
  5 dream sheep zombies
  7 elephant zombies
  6 vampire mosquito zombies
  A komodo dragon zombie (Lair:3)
  2 wyvern zombies
  5 water moccasin zombies
  7 yak zombies
  A tengu zombie (D:14)
  15 wolf zombies
  4 bullfrog zombies
  5 centaur zombies
  A basilisk zombie (Lair:3)
  2 black bear zombies (D:9)
  6 ogre zombies
  A howler monkey zombie (D:11)
  2 steam dragon zombies
  An iguana zombie (D:5)
  4 jelly zombies (Lair:5)
  A lava snake zombie (Volcano)
  An orc (D:9)
  3 gnoll zombies
  4 kobold zombies (D:14)
  15 orc zombies
  68 fungi
  74 plants
  21 withered plants (Lair:5)
296 creatures vanquished.

Grand Total: 998 creatures vanquished

Notes
Turn   | Place    | Note
-------+----------+-------------------------------------------
     0 | D:1      | Alatreon the Gargoyle Fighter began the quest for the Orb.
     0 | D:1      | Reached XP level 1. HP: 14/14 MP: 1/1
    22 | D:1      | Found a faded altar of an unknown god.
    51 | D:1      | Reached XP level 2. HP: 12/19 MP: 2/2
   108 | D:1      | Learned a level 1 spell: Necrotise
   487 | D:1      | Reached XP level 3. HP: 24/24 MP: 3/3
   730 | D:2      | Found a hide-covered altar of Uskayaw.
   759 | D:1      | Reached skill level 3 in Maces & Flails
  1306 | D:3      | Identified the +8 chain mail of Atosm {Str+4}
  1371 | D:3      | Reached skill level 1 in Necromancy
  1380 | D:3      | Reached XP level 4. HP: 29/29 MP: 4/4
  1498 | D:3      | Found a snail-covered altar of Cheibriados.
  1630 | D:3      | Reached XP level 5. HP: 33/33 MP: 5/5
  1644 | D:3      | Found a glowing drain.
  1661 | Sewer    | Entered a sewer
  1717 | Sewer    | Noticed a water moccasin
  1726 | Sewer    | Killed a water moccasin
  1727 | Sewer    | Reached skill level 4 in Maces & Flails
  1727 | Sewer    | Reached XP level 6. HP: 39/39 MP: 6/6
  1742 | Sewer    | Identified the +3 leather armour of the Thistle {Harm rElec
                  | rPois Int-3}
  2705 | D:4      | Reached skill level 5 in Maces & Flails
  2825 | D:4      | Found a basalt altar of Yredelemnul.
  2837 | D:4      | Became a worshipper of Yredelemnul the Dark
  2908 | D:4      | Reached skill level 5 in Fighting
  3267 | D:5      | Entered Level 5 of the Dungeon
  3342 | D:5      | Reached XP level 7. HP: 44/44 MP: 7/7
  3367 | D:5      | Reached * piety under Yredelemnul
  3415 | D:5      | Found a staircase to the Ecumenical Temple.
  3426 | D:5      | Reached skill level 1 in Invocations
  3534 | D:5      | Reached ** piety under Yredelemnul
  3583 | D:5      | Found a stormy altar of Qazlal.
  3585 | D:5      | Noticed Edmund
  3632 | D:5      | Reached skill level 6 in Maces & Flails
  3636 | D:5      | Reached *** piety under Yredelemnul
  3872 | D:5      | Reached XP level 8. HP: 51/51 MP: 9/9
  3992 | D:6      | Noticed Duvessa
  3993 | D:6      | Noticed Dowan
  4038 | D:6      | Killed Duvessa
  4072 | D:6      | Found a shadowy altar of Dithmenos.
  4166 | D:6      | Killed Dowan
  4167 | D:6      | Reached skill level 7 in Maces & Flails
  4278 | D:6      | Found a hazy altar of Hepliaklqana.
  4278 | D:6      | Found a shimmering blue altar of Sif Muna.
  4351 | D:7      | Saving game... please wait.
  4445 | D:7      | Gained mutation: You occasionally lose the ability to drink
                  | potions when taking damage. [potion of mutation]
  4445 | D:7      | Gained mutation: Armour fits poorly on your strangely
                  | shaped body. [potion of mutation]
  4445 | D:7      | Gained mutation: You are dopey. (Int -2) [potion of
                  | mutation]
  4467 | D:7      | Reached XP level 9. HP: 56/56 MP: 12/12
  4672 | D:7      | Found Daniel's Dragon-Slaying Spoils.
  4811 | D:7      | Found a sand-covered staircase.
  4816 | Ossuary  | Entered an ossuary
  5139 | D:7      | Reached skill level 8 in Maces & Flails
  5241 | D:7      | Killed Edmund
  5386 | D:8      | Noticed a two-headed ogre
  5399 | D:8      | Noticed Joseph
  5406 | D:8      | Killed a two-headed ogre
  5407 | D:8      | Reached skill level 5 in Armour
  5407 | D:8      | Reached skill level 5 in Invocations
  5474 | D:8      | Killed Joseph
  5475 | D:8      | Reached XP level 10. HP: 37/61 MP: 12/14
  5565 | D:8      | Reached skill level 5 in Necromancy
  6200 | D:9      | Reached skill level 5 in Shields
  6210 | D:9      | Found an opulent altar of Gozag.
  6251 | D:9      | Reached skill level 9 in Maces & Flails
  6265 | D:9      | Upgraded the game from 0.30-a0-743-gbfdf073431 to
                  | 0.30-a0-748-ge6a52f7cba
  6350 | D:9      | Reached **** piety under Yredelemnul
  6531 | D:9      | Found a staircase to the Lair.
  6545 | D:9      | Reached XP level 11. HP: 66/66 MP: 16/16
  6755 | D:9      | Found a white marble altar of Elyvilon.
  7131 | Lair:1   | Entered Level 1 of the Lair of Beasts
  7131 | Lair:1   | Noticed Erica
  7233 | Lair:1   | Killed Erica
  7460 | Lair:1   | Identified the +5 ring mail of Death Resistance {Fly Slay-2
                  | SInv Stlth+}
  7502 | Lair:1   | Noticed Amaemon
  7580 | Lair:1   | Killed Amaemon
  8164 | Lair:1   | Upgraded the game from 0.30-a0-748-ge6a52f7cba to
                  | 0.30-a0-757-ga6a79fd877
  8483 | Lair:2   | Reached skill level 10 in Maces & Flails
  8563 | Lair:2   | Found a hole to the Spider Nest.
  8586 | Lair:2   | Reached XP level 12. HP: 38/72 MP: 18/18
  8645 | Lair:2   | Noticed an eight-headed hydra
  8653 | Lair:2   | Killed an eight-headed hydra
  8772 | Lair:2   | Reached ***** piety under Yredelemnul
  8816 | Lair:2   | Reached ****** piety under Yredelemnul
  9362 | Lair:3   | Reached skill level 11 in Maces & Flails
  9405 | Lair:3   | Upgraded the game from 0.30-a0-757-ga6a79fd877 to
                  | 0.30-a0-760-g5a9884bb7c
  9418 | Lair:3   | Learned a level 3 spell: Vampiric Draining
  9510 | Lair:3   | Found a staircase to the Shoals.
  9815 | Lair:3   | Reached XP level 13. HP: 79/79 MP: 12/20
  9864 | Lair:3   | Reached skill level 12 in Maces & Flails
 10869 | Lair:4   | Found a blossoming altar of Fedhas.
 11193 | Lair:5   | Entered Level 5 of the Lair of Beasts
 11231 | Lair:5   | Reached skill level 10 in Invocations
 11398 | Lair:5   | Found a staircase to the Slime Pits.
 11407 | Lair:5   | Upgraded the game from 0.30-a0-760-g5a9884bb7c to
                  | 0.30-a0-772-g5528072125
 11813 | Lair:5   | Reached skill level 13 in Maces & Flails
 11895 | Lair:5   | Identified the +6 plate armour of Darkness {Slay+3}
 12094 | Lair:5   | Noticed a dire elephant
 12094 | Lair:5   | Noticed a dire elephant
 12094 | Lair:5   | Noticed a dire elephant
 12099 | Lair:5   | Noticed a dire elephant
 12104 | Lair:5   | Reached skill level 10 in Shields
 12114 | Lair:5   | Killed a dire elephant
 12115 | Lair:5   | Gained mutation: Your large and strong wings let you fly.
                  | [Gargoyle growth]
 12115 | Lair:5   | Reached XP level 14. HP: 57/87 MP: 21/21
 12317 | Lair:5   | Reached skill level 10 in Fighting
 12360 | Lair:5   | Killed a dire elephant
 12361 | Lair:5   | Reached skill level 10 in Armour
 12553 | D:10     | Entered Level 10 of the Dungeon
 12600 | D:10     | Found Semalaj's Magic Scroll Emporium.
 12606 | D:10     | Bought a scroll of identify for 30 gold pieces
 12606 | D:10     | Bought a scroll of identify for 30 gold pieces
 12730 | D:10     | Found Meresch's Weapon Boutique.
 12732 | D:10     | Found a staircase to the Orcish Mines.
 12862 | D:10     | Got the Guidebook on Cooperative Vicissitude
 12966 | D:10     | Noticed Snorg
 13006 | D:10     | Killed Snorg
 13838 | D:11     | Noticed Josephine
 13850 | D:11     | Killed Josephine
 15018 | D:12     | Found a sparkling altar of Nemelex Xobeh.
 15052 | D:12     | Noticed Urug
 15071 | D:12     | Killed Urug
 15186 | D:12     | Noticed Nessos
 15209 | D:12     | Killed Nessos
 15326 | D:12     | Reached skill level 14 in Maces & Flails
 16847 | D:14     | Found an iron altar of Okawaru.
 16963 | D:14     | Identified the +4 falchion "Juor" {vamp, rC+}
 17139 | D:14     | Reached XP level 15. HP: 92/94 MP: 23/23
 17550 | D:14     | Found a gate to the Vaults.
 17886 | D:15     | Entered Level 15 of the Dungeon
 18151 | Orc:1    | Entered Level 1 of the Orcish Mines
 18359 | Orc:2    | Entered Level 2 of the Orcish Mines
 18360 | Orc:2    | Upgraded the game from 0.30-a0-772-g5528072125 to
                  | 0.30-a0-777-ga9a30cbeda
 18418 | Orc:2    | Found a dark tunnel.
 18433 | Volcano  | Entered a volcano
 18582 | Volcano  | Reached skill level 15 in Maces & Flails
 18636 | Volcano  | Found a bloodstained altar of Trog.
 18987 | Orc:2    | Noticed Jorgrun
 19090 | Orc:2    | Found a runed translucent door.
 19106 | Orc:2    | Found a staircase to the Elven Halls.
 19129 | Orc:2    | Found Siefafy's Self-Improvement Boutique.
 19231 | Orc:2    | Noticed an orc warlord
 19242 | Orc:2    | Noticed Donald
 19583 | D:15     | Paralysed by something for 5 turns
 19741 | D:15     | Found a runed translucent gate.
 19741 | D:15     | Found a runed translucent gate.
 19741 | D:15     | Found a runed translucent gate.
 19743 | D:15     | Noticed a rockslime
 19743 | D:15     | Noticed an acid blob
 19744 | D:15     | Noticed Tunif's ghost (adept DEFE)
 19748 | D:15     | Found a viscous altar of Jiyva.
 19791 | D:15     | Reached skill level 10 in Necromancy
 20018 | D:15     | Identified the +6 arbalest of Tenacity {flame, Str+2}
 20485 | D:15     | Found a staircase to the Depths.
 20579 | D:15     | Upgraded the game from 0.30-a0-777-ga9a30cbeda to
                  | 0.30-a0-799-g109b55a442
 20848 | Spider:1 | Entered Level 1 of the Spider Nest
 21094 | Spider:1 | Reached XP level 16. HP: 103/103 MP: 25/25
 21159 | Spider:1 | Identified the +7 long sword of Ahitoejina {venom, Fragile
                  | Will+ Int+3 Dex+3}
 21383 | Spider:2 | Identified the +1 robe of the Tuna {rElec rF+ rC+}
 21395 | Spider:2 | Reached skill level 16 in Maces & Flails
 22735 | Spider:3 | Reached skill level 1 in Spellcasting
 22861 | Spider:4 | Entered Level 4 of the Spider Nest
 22880 | Spider:4 | Reached skill level 1 in Dodging
 23447 | Spider:4 | Upgraded the game from 0.30-a0-799-g109b55a442 to
                  | 0.30-a0-802-gb92711bcdf
 23472 | Spider:4 | Mangled by a ghost moth

Illustrated notes

Levels and vault maps discovered:
D:1:      minmay_arrival_nine_rooms, layout_basic,
          shapermc_ecumenical_altar_starsandcircs
D:2:      layout_rooms, basic_altar
D:3:      layout_loops_ring, cheibriados_altar_1, lightli_sewer_entry_pipes
D:4:      layout_basic, yredelemnul_forgotten_temple_becter
D:5:      layout_basic, grunt_qazlal_sundering, minmay_temple_entry_arrows,
          uniq_edmund
D:6:      layout_rooms, nicolae_overflow_crystal_walls,
          gammafunk_temple_overflow_wave, uniq_duvessa
D:7:      layout_basic, enter_ossuary_2, nicolae_shop_dragon_depot,
          feat_on_display
D:8:      layout_layer_cave, kennysheep_generic_room_7, uniq_joseph
D:9:      layout_basic, mainiacjoe_overflow_concentric_impassable,
          elyvilon_altar_5, grunt_lair_entry_orc_guard_hut, st_stairs_3
D:10:     layout_basic, orc_david_3, serial_shops, shop_fountains, uniq_snorg
D:11:     layout_layer_cave, chequers_mini_garden, uniq_josephine
D:12:     layout_layer_cave, nemelex_xobeh_ov_fountains_minmay, uniq_urug,
          uniq_nessos
D:13:     layout_irregular_city
D:14:     minmay_separated_statues, layout_basic,
          hangedman_vaults_entry_quadrant_bands, okawaru_ov_weapons_minmay
D:15:     grunt_enter_depths_magical_seal, layout_irregular_city,
          serial_bayou_lagoon_a, gammafunk_ghost_ooze
Lair:1:   layout_cave_pods, uniq_erica, uniq_amaemon
Lair:2:   layout_chaotic_city, nicolae_spider_entry_tight_spaces,
          nicolae_lair_liquid_snakes, grunt_megastairs_3
Lair:3:   layout_chaotic_city, elwin_shoals_entry_rooms,
          grunt_forest_large_clearings, infiniplex_staircase_pool_2
Lair:4:   layout_cellular_growth, tgw_fedhas
Lair:5:   due_jungle_book, layout_regular_city, nicolae_slime_entry_field_trip,
          st_stairs_8
Spider:1: layout_spider_delve
Spider:2: layout_cave_pods
Spider:3: layout_spider_delve, hellmonk_test_site
Spider:4: grunt_spider_rune_parallel, nicolae_spider_webbed_stairs
Orc:1:    layout_caves
Orc:2:    grunt_orc_cross, layout_caves, lightli_volcano_entry_magma_tube,
          ebering_ghost_reflecting_pool, nicolae_shop_self_help, uniq_donald,
          uniq_jorgrun

Skill      XL: |  1  2  3  4  5  6  7  8  9 10 11 12 13 14 15 16 |
---------------+-------------------------------------------------+-----
Maces & Flails | 3 4 5 6 7 8 9 10 11 13 14 15 16 | 16.5
Necromancy     | 1 2 3 4 5 6 7 8 9 10 | 10.7
Fighting       | 4 5 6 7 8 9 11 12 13 | 13.3
Invocations    | 2 4 5 6 8 9 10 11 12 13 | 13.8
Armour         | 5 8 9 10 11 | 11.1
Shields        | 4 6 7 8 10 | 10.1
Spellcasting   | 2 |  2.4
Dodging        | 2 |  2.1

Action                     |  1- 3 |  4- 6 |  7- 9 | 10-12 | 13-15 | 16-18 || total
---------------------------+-------+-------+-------+-------+-------+-------++-------
  Melee: Flail             |   119 |   188 |   301 |   266 |       |       ||   874
         Demon whip        |       |       |       |   364 |  1384 |   291 ||  2039
   Cast: Necrotise         |       |       |       |     1 |       |       ||     1
         Vampiric Draining |       |       |       |       |       |     2 ||     2
 Invoke: Recall Undead Har |       |     1 |     2 |     1 |    10 |       ||    14
         Dark Bargain      |       |       |       |     2 |     2 |     1 ||     5
         Drain Life        |       |       |       |     1 |       |     1 ||     2
         Bind Soul         |       |       |       |       |       |     1 ||     1
  Evoke: Wand              |       |       |     1 |     1 |     1 |       ||     3
    Use: Scroll            |     9 |     3 |     5 |     5 |     9 |     2 ||    33
         Potion            |       |       |     9 |     5 |     2 |     3 ||    19
   Stab: Distracted        |       |       |       |    10 |    13 |     8 ||    31
         Invisible         |       |       |       |     3 |       |       ||     3
         Paralysed         |       |       |       |       |     2 |       ||     2
 Armour: Scale mail        |    80 |       |       |       |       |       ||    80
         Chain mail        |    10 |   168 |   317 |   469 |   160 |       ||  1124
         Plate armour      |       |       |       |       |   557 |   215 ||   772
         Skin              |       |       |       |       |       |    32 ||    32
  Dodge: Dodged            |    66 |    80 |   181 |   181 |   250 |    87 ||   845
  Block: Buckler           |    22 |    30 |    78 |   170 |   277 |    96 ||   673

Table legend: (Time is in decaauts)
 A = Elapsed time spent in this place.
 B = Non-inter-level travel time spent in this place.
 C = Inter-level travel time spent in this place.
 D = Time resting spent in this place.
 E = Time spent auto-exploring this place.
 F = Levels seen in this place.
 G = Mean time per level.
                   A        B        C        D        E       F      G
               +--------+--------+--------+--------+--------+-----+--------+
         Total |  22756 |  21151 |   1605 |   1303 |  14891 |  29 |  784.7 |
       Dungeon |  13819 |  12661 |   1158 |    521 |   9577 |  15 |  921.3 |
          Lair |   5116 |   4815 |    301 |    381 |   3225 |   5 | 1023.2 |
   Spider Nest |   2401 |   2310 |     91 |    280 |   1535 |   4 |  600.2 |
  Orcish Mines |    729 |    676 |     53 |     95 |    344 |   2 |  364.5 |
         Sewer |    118 |    118 |      0 |      0 |     31 |   1 |  118.0 |
       Ossuary |    228 |    228 |      0 |      0 |     96 |   1 |  228.0 |
       Volcano |    344 |    344 |      0 |     26 |     82 |   1 |  344.0 |
               +--------+--------+--------+--------+--------+-----+--------+

Top non-repeatable levels by time:
    D:14: 1292 daAuts
    D:11: 1267 daAuts
    D:12: 1184 daAuts
    D:10: 1156 daAuts
     D:9: 1137 daAuts
  Lair:2: 1107 daAuts
  Lair:1: 1067 daAuts
    D:15: 1044 daAuts
  Lair:4: 1035 daAuts
     D:3: 990 daAuts
  Lair:5: 981 daAuts
     D:4: 941 daAuts
Spider:2: 929 daAuts
  Lair:3: 925 daAuts
     D:7: 892 daAuts
